 Dungeon Crawl Stone Soup version 0.30-a0-358-g0d69a1922f (webtiles) character file.

Game seed: 5044498720449947918

137 RascalDebosk the Magician (level 5, 0/38 HPs)
             Began as a Djinni Conjurer on Nov 9, 2022.
             Killed from afar by a dart slug (5 damage)
             ... with a slug dart
             ... on level 3 of the Dungeon.
             The game lasted 00:13:17 (1569 turns).

RascalDebosk the Magician (Djinni Conjurer)         Turns: 1569, Time: 00:13:18

Health: 0/38       AC:  4    Str:  6    XL:     5   Next: 43%
Gold:   110        EV: 12    Int: 21    God:
                   SH:  0    Dex: 12

rFire   + + .      SeeInvis .    g - +0 falchion
rCold   x . .      Faith    .    (no shield)
rNeg    . . .      Spirit   .    a - +0 robe
rPois   ∞          Reflect  .    h - +0 helmet
rElec   .          Harm     .    (no cloak)
rCorr   .          Rampage  .    k - +0 pair of gloves
Will    .....                    (boots unavailable)
Stlth   ++........               (no amulet)
HPRegen 0.26/turn                (no ring)
MPRegen 0.00/turn                (no ring)

@: flying
A: sickness immunity, fire resistance 2, cold vulnerability 1, float, innate
caster, HP casting, extra vitality 1
a: no special abilities


You were on level 3 of the Dungeon.
You visited 1 branch of the dungeon, and saw 3 of its levels.

You collected 110 gold pieces.

Inventory:

Hand Weapons
 g - a +0 falchion (weapon)
Armour
 a - a +0 robe (worn)
 h - a +0 helmet (worn)
 k - a +0 pair of gloves (worn)
Scrolls
 b - a scroll of identify {unknown}
 c - a scroll of brand weapon {unknown}
 d - 2 scrolls of fear {unknown}
 j - 2 scrolls of enchant weapon {unknown}
 l - a scroll of acquirement {unknown}
Potions
 e - 2 potions of might {unknown}
 f - 3 potions of curing {unknown}
 i - 2 potions of brilliance {unknown}


   Skills:
 + Level 1.9 Fighting
 - Level 2.1 Dodging
 - Level 1.5 Stealth
 * Level 4.6 Spellcasting


You couldn't memorise any spells.
You knew the following spells:

 Your Spells              Type           Power      Damage    Failure   Level
a - Magic Dart            Conj           96%        1d7       1%          1
b - Searing Ray           Conj           48%        2d6       2%          2
c - Dazzling Flash        Conj/Hex       48%        N/A       4%          3
d - Fulminant Prism       Conj/Hex       12%        3d9       16%         4
e - Iskenderun's Mystic   Conj/Tloc      24%        2d7       16%         4
f - Summon Small Mammal   Summ           96%        N/A       1%          1
g - Ensorcelled Hibernat  Hex/Ice        48%        N/A       2%          2
Your spell library was empty.

Dungeon Overview and Level Annotations

Branches:
Dungeon (3/15)

Altars:
Fedhas

Annotations:
D:3 Ijyb


Innate Abilities, Weirdness & Mutations

You are immune to sickness and miasma.
You are immune to poison.
Your flesh is very heat resistant. (rF++)
You are vulnerable to cold. (rC-)
You float through the air rather than walking.
You learn spells naturally, not from books.
Your magical power is your life essence.
You have superior vitality. (+4 MHP)


Message History

Aiming: Magic Dart (safe; 1% risk of failure)
Press: ? - help, Shift-Dir - straight line, f/p - giant cockroach
Aim: a giant cockroach (almost dead, 100% to hit)
The magic dart hits the giant cockroach.
You kill the giant cockroach!
HP restored.
Jessica the Apprentice Sorceress comes into view.
She is wielding a +0 club and carrying a wand of digging (2).
Casting: Magic Dart (safe; 1% risk of failure)
Confirm with . or Enter, or press ? or * to list all spells.
The spell is quite dangerous to miscast (17% risk of failure)!
Continue anyway?
Aiming: Fulminant Prism (quite dangerous; 17% risk of failure)
Press: ? - help, Dir - move target You conjure a prism of explosive energy!
A fulminant prism comes into view.
Your fulminant prism crackles loudly.
Jessica gestures wildly while chanting.
Jessica blinks!
Your fulminant prism explodes!
You hear a zap.
You hear a grinding noise.
You hear a shout!
Found an amethyst potion.
Jessica gestures wildly while chanting.
Jessica seems to speed up.
Casting: Fulminant Prism (quite dangerous; 17% risk of failure)
Confirm with . or Enter, or press ? or * to list all spells.
Aiming: Magic Dart (safe; 1% risk of failure)
Press: ? - help, Shift-Dir - straight line, f - Jessica
Aim: Jessica, wielding a +0 club, wearing a +0 robe and carrying a wand of digging (1) (fast, 100% to hit)
The magic dart hits Jessica.
Jessica is lightly wounded.
Casting: Magic Dart (safe; 1% risk of failure)
Confirm with . or Enter, or press ? or * to list all spells.
Aiming: Magic Dart (safe; 1% risk of failure)
Press: ? - help, Shift-Dir - straight line, f/p - Jessica
Aim: Jessica, wielding a +0 club, wearing a +0 robe and carrying a wand of digging (1) (lightly wounded, fast, 100% to hit)
The magic dart hits Jessica.
Jessica is moderately wounded.
Jessica points at you and mumbles some strange words.
Pain shoots through your body!
Casting: Magic Dart (safe; 1% risk of failure)
Confirm with . or Enter, or press ? or * to list all spells.
Aiming: Magic Dart (safe; 1% risk of failure)
Press: ? - help, Shift-Dir - straight line, f/p - Jessica
Aim: Jessica, wielding a +0 club, wearing a +0 robe and carrying a wand of digging (1) (moderately wounded, fast, 100% to hit)
The magic dart hits Jessica.
Jessica is severely wounded.
Casting: Magic Dart (safe; 1% risk of failure)
Confirm with . or Enter, or press ? or * to list all spells.
Aiming: Magic Dart (safe; 1% risk of failure)
Press: ? - help, Shift-Dir - straight line, f/p - Jessica
Aim: Jessica, wielding a +0 club, wearing a +0 robe and carrying a wand of digging (1) (severely wounded, fast, 100% to hit)
The magic dart hits Jessica.
You kill Jessica!
Casting: Magic Dart (safe; 1% risk of failure)
Confirm with . or Enter, or press ? or * to list all spells.
You can't see any susceptible monsters within range! (Use Z to cast anyway.) Unknown command.
Found a scroll labelled QEACZO VUTTO.
A dart slug comes into view.
Ijyb the Twisted Goblin comes into view.
She is wielding a +5 dagger of speed and carrying a wand of iceblast (5).
Things that are here:
a +0 club; a +0 robe; a wand of digging (1)
Casting: Magic Dart (safe; 1% risk of failure)
Confirm with . or Enter, or press ? or * to list all spells.
Aiming: Magic Dart (safe; 1% risk of failure)
Press: ? - help, Shift-Dir - straight line, f - dart slug
Aim: a dart slug (wandering, hasn't noticed you, 100% to hit)
The magic dart hits the dart slug but does no damage.
Casting: Magic Dart (safe; 1% risk of failure)
Confirm with . or Enter, or press ? or * to list all spells.
Aiming: Magic Dart (safe; 1% risk of failure)
Press: ? - help, Shift-Dir - straight line, f/p - dart slug
Aim: a dart slug (100% to hit)
The magic dart hits the dart slug.
The dart slug is heavily wounded.
Ijyb zaps a wand.
The mass of ice explodes!
The iceblast engulfs you!!
You feel a painful chill!
Ouch! That really hurt!
* * * LOW HITPOINT WARNING * * *
The dart slug launches a dart at you. The slug dart misses you.
Casting: Magic Dart (safe; 1% risk of failure)
Confirm with . or Enter, or press ? or * to list all spells.
The spell is quite dangerous to miscast (16% risk of failure)!
Continue anyway?
Aiming: Fulminant Prism (quite dangerous; 16% risk of failure)
Press: ? - help, Dir - move target, f - you That would be overly suicidal.
Okay, then.
You start resting.
A dart slug is nearby!
Casting: Fulminant Prism (quite dangerous; 16% risk of failure)
Confirm with . or Enter, or press ? or * to list all spells.
The spell is quite dangerous to miscast (16% risk of failure)!
Continue anyway?
Aiming: Fulminant Prism (quite dangerous; 16% risk of failure)
Press: ? - help, Dir - move target You conjure a prism of explosive energy!
* * * LOW HITPOINT WARNING * * *
A fulminant prism comes into view.
The dart slug launches a dart at you. The slug dart hits you.
You die...

#.#.#.#.#.#
#.#.#.#.##
.#.#.#.#.###.#
#.#)#.#.#....#
#.#w#.#g#######
........#.w..w*#
#!#.#.#.#.#####.#
#.#.#.#.#†#..#
#.#
?#.#.#.#.#.#.#
#@#
#.#.#.#.#<##.#
#.# .#g#.#.#.#.#
#.# .#.#.# #..#
#.# #.#.# ### #.#
.#.# ..# #.# ###
#.# .#


You could see a dart slug (ally target) and a friendly fulminant prism.

Vanquished Creatures
  A jelly (D:1)
  Jessica (D:3)
  Robin (D:2)
  An adder (D:2)
  3 bats
  6 endoplasms (D:1)
  6 giant cockroaches
  11 goblins
  6 hobgoblins
  3 jackals (D:1)
  A kobold (D:1)
  2 quokkas (D:1)
  5 ball pythons
  4 frilled lizards (D:1)
  3 rats (D:1)
54 creatures vanquished.

Vanquished Creatures (others)
  2 fulminant prisms
2 creatures vanquished.

Grand Total: 56 creatures vanquished

Notes
Turn   | Place    | Note
-------+----------+-------------------------------------------
     0 | D:1      | RascalDebosk the Djinni Conjurer began the quest for the
                  | Orb.
     0 | D:1      | RascalDebosk set off with the following spells memorised:
                  | Magic Dart, Searing Ray, Dazzling Flash, Fulminant Prism,
                  | Iskenderun's Mystic Blast.
     0 | D:1      | Reached XP level 1. HP: 15/15 MP: 0/0
     1 | D:1      | Found a runed translucent door.
     3 | D:1      | Noticed a jelly
   141 | D:1      | Reached XP level 2. HP: 19/21 MP: 0/0
   469 | D:1      | Found a faded altar of an unknown god.
   617 | D:1      | Reached XP level 3. HP: 20/25 MP: 0/0
   617 | D:1      | Learned a level 1 spell: Summon Small Mammal
   637 | D:1      | Reached skill level 4 in Spellcasting
   643 | D:1      | Reached skill level 1 in Fighting
   643 | D:1      | Reached XP level 4. HP: 16/32 MP: 0/0
   847 | D:2      | Noticed Robin
   946 | D:2      | Killed Robin
  1116 | D:2      | Reached XP level 5. HP: 36/37 MP: 0/0
  1116 | D:2      | Learned a level 2 spell: Ensorcelled Hibernation
  1123 | D:2      | Found a blossoming altar of Fedhas.
  1537 | D:3      | Noticed Jessica
  1547 | D:3      | Killed Jessica
  1550 | D:3      | Noticed Ijyb
  1569 | D:3      | Killed from afar by a dart slug

Illustrated notes

Levels and vault maps discovered:
D:1:      dpeg_arrival_caged_fury, layout_basic,
          hellmonk_ecumenical_altar_crossroads
D:2:      layout_basic, basic_altar, kennysheep_boxes, uniq_robin
D:3:      layout_basic, uniq_crazy_yiuf_cottage, uniq_jessica, uniq_ijyb

Skill      XL: |  1  2  3 |
---------------+----------+-----
Spellcasting   | 4 |  4.6
Fighting       | 1 |  1.9
Dodging        | |  2.1
Stealth        | |  1.5

Action                   |  1- 3 |  4- 6 || total
-------------------------+-------+-------++-------
 Cast: Magic Dart        |    41 |    25 ||    66
       Searing Ray       |     3 |     4 ||     7
       Iskenderun's Myst |       |     4 ||     4
       Fulminant Prism   |       |     3 ||     3
Armor: Robe              |     2 |     1 ||     3
Dodge: Dodged            |     6 |     7 ||    13

Table legend: (Time is in decaauts)
 A = Elapsed time spent in this place.
 B = Non-inter-level travel time spent in this place.
 C = Inter-level travel time spent in this place.
 D = Time resting spent in this place.
 E = Time spent auto-exploring this place.
 F = Levels seen in this place.
 G = Mean time per level.
                   A        B        C        D        E       F      G
               +--------+--------+--------+--------+--------+-----+--------+
         Total |   1569 |   1511 |     58 |    154 |   1094 |   3 |  523.0 |
       Dungeon |   1569 |   1511 |     58 |    154 |   1094 |   3 |  523.0 |
               +--------+--------+--------+--------+--------+-----+--------+

Top non-repeatable levels by time:
     D:1: 932 daAuts
     D:2: 580 daAuts
     D:3: 55 daAuts
